 Dungeon Crawl Stone Soup version 0.30-a0-329-g85436e0a43 (webtiles) character file.

Game seed: 597689210623807813

51389 porpoise the Carver (level 14, -7/101 HPs)
             Began as a Demonspawn Hexslinger on Oct 28, 2022.
             Was a High Priest of Hepliaklqana.
             Shot with an arrow by a centaur warrior (19 damage)
             ... on level 13 of the Dungeon on Oct 29, 2022.
             The game lasted 02:01:40 (21044 turns).

porpoise the Carver (Demonspawn Hexslinger)        Turns: 21044, Time: 02:01:41

Health: -7/101     AC: 12    Str: 10    XL:     14   Next: 23%
Magic:  20/20      EV: 17    Int: 17    God:    Hepliaklqana [*****.]
Gold:   1629       SH:  0    Dex: 25    Spells: 4/19 levels left

rFire   . . .      SeeInvis .    a - +3 demon blade (elec)
rCold   + . .      Faith    .    (no shield)
rNeg    . . .      Spirit   .    H - +1 ring mail of the Vestibule of Hell {Dex+6}
rPois   +          Reflect  .    N - +0 helmet
rElec   .          Harm     .    g - +0 cloak {rC+}
rCorr   .          Rampage  .    R - +0 pair of gloves
Will    +....                    t - +0 pair of boots
Stlth   +++.......               (no amulet)
HPRegen 0.36/turn                u - ring of poison resistance
MPRegen 0.17/turn                p - +4 ring of evasion

@: no status effects
A: reduced essence, ignite blood 1, big brain 1, demonic magic 2, demonic touch
2
a: Renounce Religion, Recall Ancestor, Ancestor Identity, Transference, Idealise


You were on level 13 of the Dungeon.
You worshipped Hepliaklqana.
Hepliaklqana was extremely pleased with you.
You visited 3 branches of the dungeon, and saw 18 of its levels.
You also visited: Ice Cave.

You collected 1629 gold pieces.

Inventory:

Hand Weapons
 a - a +3 demon blade of electrocution (weapon)
 b - a +3 dagger of protection
 F - the +5 scythe "Finisher" {speed, eviscerate}
   (You found it on level 12 of the Dungeon)

   Attacks with this weapon are significantly faster.
   It may eviscerate those it strikes, slaying them instantly, with a decreasing
   chance against stronger foes.
 G - the +5 hand axe of Sudden Death {spect, Int+4}
   (You found it on level 12 of the Dungeon)

   When its wielder attacks, the weapon's spirit leaps out and strikes again.
   The spirit shares a part of any damage it takes with its wielder.
   Int:       It affects your intelligence (+4).
Missiles
 h - 3 curare-tipped darts
 S - 11 poisoned darts (quivered)
Armour
 g - a +0 cloak of cold resistance (worn)
 t - a +0 pair of boots (worn)
 H - the +1 ring mail of the Vestibule of Hell (worn) {Dex+6}
   (You found it on level 6 of the Dungeon)

   Dex:       It affects your dexterity (+6).
 N - a +0 helmet (worn)
 R - a +0 pair of gloves (worn)
Jewellery
 n - a ring of resist corrosion
 p - a +4 ring of evasion (right hand)
 u - a ring of poison resistance (left hand)
Wands
 k - a wand of mindburst (2)
 l - a wand of acid (5)
 v - a wand of flame (31)
 y - a wand of paralysis (14)
 A - a wand of roots (19)
 K - a wand of digging (2)
 P - a wand of polymorph (16)
Scrolls
 e - 2 scrolls of poison
 f - 6 scrolls of teleportation
 w - a scroll of immolation
 z - a scroll of magic mapping
 C - a scroll of identify
 E - a scroll of vulnerability
 T - a scroll of silence
 V - 4 scrolls of blinking
 W - a scroll of fog
Potions
 c - 2 potions of resistance
 d - 3 potions of lignification
 i - 4 potions of might
 j - a potion of berserk rage
 m - 7 potions of curing
 o - a potion of magic
 q - 2 potions of flight
 r - 2 potions of attraction
 s - 3 potions of haste
 B - a potion of heal wounds
Miscellaneous
 x - a condenser vane (inert)
 D - a phantom mirror (inert)


   Skills:
 + Level 11.1 Fighting
 - Level 4.8(9.9) Short Blades
 + Level 13.3(13.7) Long Blades
 - Level 4.0 Ranged Weapons
 - Level 5.0 Armour
 - Level 5.0 Dodging
 - Level 7.0 Stealth
 - Level 3.0 Spellcasting
 - Level 5.0 Hexes
 + Level 2.5 Summonings
 - Level 7.0 Necromancy
 + Level 3.2 Translocations
 - Level 9.0 Invocations
 - Level 5.0 Evocations


You had 4 spell levels left.
You knew the following spells:

 Your Spells              Type           Power      Damage    Failure   Level
a - Slow                  Hex            76%        N/A       5%          1
b - Lesser Beckoning      Tloc           26%        N/A       32%         3
c - Necrotise             Necr           100%       1d9       2%          1
f - Cause Fear            Hex            9%         N/A       45%         4
i - Call Imp              Summ           11%        N/A       22%         2
k - Blink                 Tloc           26%        N/A       16%         2
m - Momentum Strike       Conj/Tloc      16%        3d8       32%         2

Your spell library contained the following spells:

 Spells                   Type           Power      Damage    Failure   Level
 Vampiric Draining        Necr           26%        2d7       7%          3
 Apportation              Tloc           26%        N/A       11%         1
 Portal Projectile        Hex/Tloc       32%        N/A       22%         3
 Animate Dead             Necr           26%        N/A       22%         4
 Freeze                   Ice            8%         1d3       38%         1
 Shock                    Conj/Air       8%         1d3       38%         1
 Inner Flame              Hex/Fire       11%        N/A       41%         3
 Static Discharge         Conj/Air       4%         2-3/arc   52%         2
 Frozen Ramparts          Ice            4%         1d1       77%         3
 Hailstorm                Conj/Ice       2%         3d3       77%         3
 Animate Armour           Summ/Erth      12%        N/A       94%         4
 Summon Ice Beast         Ice/Summ       6%         N/A       94%         4
 Ice Form                 Ice/Tmut       2%         N/A       99%         4
 Petrify                  Tmut/Erth      2%         N/A       99%         4
 Agony                    Necr           26%        N/A       54%         5
 Summon Mana Viper        Hex/Summ       15%        N/A       94%         5
 Metabolic Englaciation   Hex/Ice        5%         N/A       99%         5
 Yara's Violent Unravell  Hex/Tmut       5%         3d4       99%         5
 Alistair's Intoxication  Tmut/Pois      1%         N/A       100%        5
 Blade Hands              Tmut           1%         N/A       100%        5
 Iron Shot                Conj/Erth      1%         9d1       100%        6
 Statue Form              Tmut/Erth      1%         N/A       100%        6
 Enfeeble                 Hex            9%         N/A       100%        7
 Haunt                    Necr/Summ      9%         N/A       100%        7
 Monstrous Menagerie      Summ           5%         N/A       100%        7
 Infestation              Necr           13%        N/A       100%        8
 Summon Horrible Things   Summ           5%         N/A       100%        8
 Dragon's Call            Summ           5%         N/A       100%        9


Dungeon Overview and Level Annotations

Branches:
Dungeon (13/15)            Temple (1/1) D:6            Lair (4/5) D:10
  Swamp (0/4) Lair:3        Snake (0/4) Lair:2        Slime (0/5) Lair:4
    Orc (0/2) D:9           IceCv (visited)
 Vaults: D:13-14

Altars:
Ashenzari
Cheibriados
Dithmenos
Fedhas
Gozag
Hepliaklqana
Kikubaaqudgha
Makhleb
Nemelex Xobeh
Okawaru
Qazlal
Sif Muna
Trog
Uskayaw
Wu Jian
Xom
Yredelemnul

Shops:
D:11 *

Annotations:
D:7 2 transporters, avis's ghost, novice HOMo
D:10 2 runed translucent doors


Innate Abilities, Weirdness & Mutations

Your life essence is reduced to manifest your ancestor. (-10% HP)
Your demonic aura sometimes causes spilled blood to erupt in flames.
You have an unusually large brain. (Int +2)
Spells you cast may paralyse nearby enemies.
Your touch may inflict irresistible damage on your foes.


Message History

You hear some strange, mumbled words.
A puff of flame appears from out of thin air!
The puff of flame hits you but does no damage.
The deep elf pyromancer is engulfed in blazing flames.
The deep elf pyromancer closely misses Niki.
Niki hits the deep elf pyromancer with a +0 dagger of draining!
The deep elf pyromancer dies!
The fire elemental disappears in a puff of smoke!
The kobold hits Niki with a +0 short sword.
Niki hits the kobold with a +0 dagger of draining!
The kobold dies!
The deep elf pyromancer hits Niki with a +0 rapier!
Niki hits the deep elf pyromancer with a +0 dagger of draining! x2
The deep elf pyromancer is engulfed in blazing flames.
You kill the deep elf pyromancer!
As you read the scroll of teleportation, it crumbles to dust.
You feel strangely unstable.
Throw: 13 darts (poison)
Press: ? - help, Q - select action, (/) - cycle Shift-Dir - straight line, f - orc knight
Aim: an orc knight, wielding a +0 war axe and wearing a +0 chain mail (lightly wounded, 66% to hit)
You throw a poisoned dart.
The poisoned dart completely misses the orc knight.
Throw: 12 darts (poison)
Press: ? - help, Q - select action, (/) - cycle Shift-Dir - straight line, p - orc knight You throw a poisoned dart.
The poisoned dart hits the orc knight.
The orc knight is poisoned.
The orc knight is lightly wounded.
Your surroundings suddenly seem different.
A centaur warrior and a deep elf pyromancer come into view.
The deep elf pyromancer is wielding a +0 long sword and wearing a +2 leather armour of fire resistance.
Okay, then.
The deep elf pyromancer shouts!
The deep elf pyromancer casts a spell.
The deep elf pyromancer blinks!
The centaur warrior wields a +0 shortbow.
The centaur warrior shoots an arrow.
The arrow barely misses you.
The centaur warrior shoots an arrow.
The arrow hits you!
* * * LOW HITPOINT WARNING * * *
The centaur warrior shoots an arrow.
The arrow hits you!!
You die...

#.......####
#.c........ #
#........### . # #
#..........# #.#
#.#........# .##.#
###.#........# ....
#........e...# ###.#
#.#.#.######..........
#@# #... ...° #.#
#####.# #.# #.... ..#
.##.# ... # ##.# # .##
# # # .


You could see a centaur warrior.

Vanquished Creatures
  Gastronok (D:8)
  2 hydras
  3 centaur warriors
  5 two-headed ogres
  2 boulder beetles (D:12)
  A skeletal warrior (D:12)
  A shadow wraith (D:12)
  2 bog bodies (IceCv)
  4 deep elf pyromancers
  Pikel (D:4)
  An orc knight (D:12)
  A cyclops (D:13)
  A will-o-the-wisp (Lair:3)
  2 manticores
  Maurice (D:8)
  6 elephants
  4 black mambas
  An ice statue (IceCv)
  2 torpor snails
  A gargoyle (D:11)
  2 kobold demonologists
  An unseen horror (D:10)
  2 yaktaurs (D:12)
  6 cane toads
  Psyche (D:8)
  3 komodo dragons
  A freezing wraith (IceCv)
  3 rime drakes (Lair:3)
  2 anaconda simulacra (IceCv)
  2 trolls (D:10)
  5 polar bears (Lair:4)
  A hornet (D:9)
  Prince Ribbit (D:6)
  3 slime creatures
  6 wraiths
  3 shadows
  48 yaks
  3 basilisks
  2 wyverns
  2 steam dragons
  8 vampire mosquitoes
  3 death yak simulacra (IceCv)
  Menkaure (D:5)
  2 acid dragons
  4 water moccasins
  Duvessa (D:7)
  4 orc warriors
  A sky beast (D:7)
  A black bear (Lair:3)
  An ice beast (D:5)
  9 wolves
  2 boggarts
  A lemure (D:4)
  10 centaurs
  4 kobold brigands
  11 bullfrogs
  5 two-headed ogre simulacra (IceCv)
  A gnoll sergeant (D:7)
  6 scorpions
  3 wights (D:9)
  2 hexers
  3 elephant simulacra (IceCv)
  Dowan (D:7)
  2 killer bees (D:9)
  3 electric eels (D:10)
  5 howler monkeys
  4 hounds
  6 orc priests
  5 jellies
  4 gnoll boudas
  2 iguanas
  Natasha (thrice) (D:4)
  9 orc wizards
  4 spriggan simulacra (IceCv)
  2 polar bear simulacra (IceCv)
  4 troll simulacra (IceCv)
  24 gnolls
  8 naga simulacra (IceCv)
  5 adders
  A shadow imp (D:7)
  4 white imps (IceCv)
  11 ufetubi
  3 worms
  4 dart slugs
  32 orcs
  6 bats (D:2)
  5 endoplasms
  3 giant cockroaches
  7 goblins
  7 hobgoblins
  4 jackals (D:1)
  7 quokkas
  6 ball pythons
  6 frilled lizards
  10 kobolds
  7 rats
436 creatures vanquished.

Vanquished Creatures (collateral kills)
  A hydra (Lair:2)
  A centaur warrior (D:9)
  A deep troll earth mage (D:11)
  A deep elf archer (D:13)
  A deep elf pyromancer (D:13)
  A cyclops (D:13)
  2 elephants
  A freezing wraith (D:12)
  3 komodo dragons
  An anaconda simulacrum (IceCv)
  A troll (D:9)
  A slime creature (D:12)
  A shadow (D:11)
  3 yaks
  A steam dragon (D:9)
  2 water moccasins (Lair:3)
  An orc warrior (D:9)
  A black bear (Lair:3)
  A wolf (D:10)
  A bullfrog (Lair:2)
  2 howler monkeys
  A hound (D:10)
  2 orc priests
  5 gnolls
  An ufetubus (IceCv)
  4 orcs
  A kobold (D:13)
42 creatures vanquished.

Vanquished Creatures (others)
  4 hexers
  An orc (D:8)
  24 fungi
  36 plants
65 creatures vanquished.

Grand Total: 543 creatures vanquished

Notes
Turn   | Place    | Note
-------+----------+-------------------------------------------
     0 | D:1      | porpoise the Demonspawn Hexslinger began the quest for the
                  | Orb.
     0 | D:1      | Reached XP level 1. HP: 15/15 MP: 2/2
   164 | D:1      | Gained mutation: Spells you cast may paralyse adjacent
                  | enemies. [demonic ancestry]
   164 | D:1      | Reached XP level 2. HP: 21/21 MP: 3/3
   602 | D:1      | Gained mutation: You have an unusually large brain. (Int
                  | +2) [demonic ancestry]
   602 | D:1      | Reached XP level 3. HP: 14/27 MP: 4/4
   790 | D:2      | Reached XP level 4. HP: 34/34 MP: 5/5
  1031 | D:2      | Learned a level 2 spell: Blink
  1034 | D:2      | Learned a level 2 spell: Momentum Strike
  2533 | D:4      | Noticed Natasha
  2542 | D:4      | Killed Natasha
  2543 | D:4      | Reached XP level 5. HP: 32/41 MP: 6/6
  2624 | D:4      | Noticed a lemure
  2624 | D:4      | Noticed Pikel
  2664 | D:4      | Killed a lemure
  2793 | D:4      | Noticed Natasha
  2808 | D:4      | Killed Natasha
  2965 | D:4      | Noticed a +0 dagger
  2965 | D:4      | Noticed a +0 hand axe
  2966 | D:4      | Found a hide-covered altar of Uskayaw.
  3095 | D:4      | Noticed Natasha
  3111 | D:4      | Killed Natasha
  3112 | D:4      | Gained mutation: Spells you cast may paralyse nearby
                  | enemies. [demonic ancestry]
  3112 | D:4      | Reached XP level 6. HP: 47/47 MP: 5/7
  3303 | D:4      | Killed Pikel
  3304 | D:4      | Reached skill level 5 in Fighting
  3304 | D:4      | Reached skill level 5 in Hexes
  3304 | D:4      | Gained mutation: Your touch may inflict minor irresistible
                  | damage on your foes. [demonic ancestry]
  3304 | D:4      | Reached XP level 7. HP: 31/56 MP: 3/8
  3489 | D:4      | Found a blossoming altar of Fedhas.
  3770 | D:5      | Entered Level 5 of the Dungeon
  3860 | D:5      | Reached skill level 1 in Stealth
  4130 | D:5      | Reached XP level 8. HP: 54/63 MP: 9/9
  4302 | D:5      | Noticed Menkaure
  4306 | D:5      | Killed Menkaure
  5082 | D:5      | Found an iron altar of Okawaru.
  5153 | D:6      | Found a staircase to the Ecumenical Temple.
  5161 | Temple   | Entered the Ecumenical Temple
  5351 | Temple   | Became a worshipper of Hepliaklqana the Forgotten
  5379 | D:6      | Found a sparkling altar of Nemelex Xobeh.
  5384 | D:6      | Identified the +4 glaive of the Shrike {freeze, *Slow
                  | Dex+3}
  5441 | D:6      | Identified the +1 ring mail of the Vestibule of Hell
                  | {Dex+6}
  5476 | D:6      | Noticed Prince Ribbit
  5484 | D:6      | Killed Prince Ribbit
  5759 | D:6      | Found a snail-covered altar of Cheibriados.
  6114 | D:7      | Reached skill level 1 in Long Blades
  6197 | D:7      | Found a transporter.
  6204 | D:7      | Reached * piety under Hepliaklqana
  6212 | D:7      | Found a shimmering altar of Xom.
  6351 | D:7      | Found a basalt altar of Yredelemnul.
  6381 | D:7      | Reached XP level 9. HP: 64/64 MP: 10/10
  6474 | D:7      | Reached skill level 2 in Long Blades
  6668 | D:7      | Reached skill level 1 in Translocations
  6971 | D:7      | Found a transporter.
  6976 | D:7      | Noticed avis's ghost (novice HOMo)
  6983 | D:7      | Noticed a gargoyle
  6995 | D:7      | Reached skill level 3 in Long Blades
  7001 | D:7      | Noticed Duvessa
  7008 | D:7      | Killed Duvessa
  7010 | D:7      | Noticed Dowan
  7013 | D:7      | Killed Dowan
  7014 | D:7      | Reached skill level 5 in Stealth
  7542 | D:8      | Noticed Maurice
  7552 | D:8      | Killed Maurice
  7553 | D:8      | Reached skill level 4 in Long Blades
  7810 | D:8      | Reached skill level 5 in Long Blades
  7941 | D:8      | Reached skill level 6 in Long Blades
  7941 | D:8      | Gained mutation: Your demonic aura sometimes causes spilled
                  | blood to erupt in flames. [demonic ancestry]
  7941 | D:8      | Reached XP level 10. HP: 37/71 MP: 9/11
  7949 | D:8      | Noticed Psyche
  7955 | D:8      | Killed Psyche
  8367 | D:8      | Reached ** piety under Hepliaklqana
  8368 | D:8      | Remembered your ancestor Niki as a hexer
  8374 | D:8      | Found an ornate altar of the Wu Jian Council.
  8598 | D:8      | Noticed Gastronok
  8617 | D:8      | Killed Gastronok
  8618 | D:8      | Reached skill level 7 in Long Blades
  8952 | D:9      | Reached skill level 8 in Long Blades
  9092 | D:9      | Reached skill level 1 in Armour
  9092 | D:9      | Reached skill level 1 in Invocations
  9462 | D:9      | Noticed a centaur warrior
  9465 | D:9      | Noticed a two-headed ogre
  9469 | D:9      | Killed a centaur warrior
  9478 | D:9      | Reached XP level 11. HP: 39/75 MP: 12/14
  9480 | D:9      | Killed a two-headed ogre
  9481 | D:9      | Reached skill level 5 in Invocations
  9530 | D:9      | Noticed a centaur warrior
  9537 | D:9      | Killed a centaur warrior
  9538 | D:9      | Reached skill level 9 in Long Blades
 10128 | D:9      | Found a staircase to the Orcish Mines.
 10468 | D:10     | Entered Level 10 of the Dungeon
 10528 | D:10     | Found a large runed translucent door.
 10528 | D:10     | Found a large runed translucent door.
 10528 | D:10     | Found a shimmering altar of Xom.
 10528 | D:10     | Identified the +2 robe "Pach" {+Blink rElec Slay+2}
 10537 | D:10     | Found a broken altar of Ashenzari.
 10547 | D:10     | Noticed a cyan ugly thing
 10639 | D:10     | Found a staircase to the Lair.
 10804 | D:10     | Reached skill level 5 in Armour
 10988 | D:10     | Reached *** piety under Hepliaklqana
 11262 | Lair:1   | Entered Level 1 of the Lair of Beasts
 11466 | Lair:1   | Reached skill level 10 in Long Blades
 12398 | D:11     | Noticed a two-headed ogre
 12401 | D:11     | Reached XP level 12. HP: 81/81 MP: 18/18
 12411 | D:11     | Killed a two-headed ogre
 12412 | D:11     | Reached skill level 1 in Evocations
 12742 | D:11     | Found Vywigowe's General Store.
 13005 | D:11     | Noticed a two-headed ogre
 13006 | D:11     | Noticed a deep troll earth mage
 13006 | D:11     | Found the +10 dark maul {vorpal}
 13007 | D:11     | Noticed a two-headed ogre
 13007 | D:11     | Noticed a two-headed ogre
 13022 | D:11     | Killed a two-headed ogre
 13025 | D:11     | Killed a two-headed ogre
 13028 | D:11     | Killed a deep troll earth mage
 13044 | D:11     | Killed a two-headed ogre
 13045 | D:11     | Reached skill level 5 in Dodging
 13219 | D:11     | Reached **** piety under Hepliaklqana
 13622 | Lair:1   | Upgraded the game from 0.30-a0-322-g102857c98e to
                  | 0.30-a0-329-g85436e0a43
 13676 | Lair:2   | Noticed an eight-headed hydra
 13681 | Lair:2   | Reached skill level 11 in Long Blades
 13685 | Lair:2   | Killed an eight-headed hydra
 13700 | Lair:2   | Noticed a six-headed hydra
 13926 | Lair:2   | Found a staircase to the Snake Pit.
 13945 | Lair:2   | Learned a level 1 spell: Necrotise
 14195 | Lair:2   | Reached skill level 5 in Evocations
 14347 | Lair:2   | Killed an eight-headed hydra
 15176 | Lair:3   | Reached ***** piety under Hepliaklqana
 15196 | Lair:3   | Found a frozen archway.
 15212 | Lair:3   | Gained mutation: Your touch may inflict irresistible damage
                  | on your foes. [demonic ancestry]
 15212 | Lair:3   | Reached XP level 13. HP: 54/89 MP: 19/19
 15314 | IceCv    | Entered an ice cave
 15320 | IceCv    | Learned a level 3 spell: Lesser Beckoning
 15325 | IceCv    | Learned a level 4 spell: Cause Fear
 15700 | IceCv    | Reached skill level 1 in Necromancy
 16010 | IceCv    | Reached skill level 12 in Long Blades
 16499 | Lair:3   | Found a staircase to the Swamp.
 16820 | Lair:3   | Identified a scroll of acquirement
 16821 | Lair:3   | Acquired the Omnibus of Energetic Production
 17842 | Lair:4   | Found a staircase to the Slime Pits.
 18107 | Lair:4   | Learned a level 2 spell: Call Imp
 18167 | Lair:4   | Reached skill level 5 in Necromancy
 18301 | Lair:4   | Reached skill level 10 in Fighting
 19758 | D:12     | Found the +5 scythe "Finisher" {speed, eviscerate}
 20098 | D:12     | Reached skill level 13 in Long Blades
 20100 | D:12     | Reached XP level 14. HP: 20/99 MP: 20/20
 20382 | D:12     | Identified the +5 hand axe of Sudden Death {spect, Int+4}
 20557 | D:13     | Reached skill level 1 in Summonings
 21044 | D:13     | Shot with an arrow by a centaur warrior

Illustrated notes

Levels and vault maps discovered:
D:1:      minmay_arrival_hallway, layout_rooms, kennysheep_pointless_box,
          minmay_cut_off
D:2:      layout_loops_cross, minmay_randomly_rotated_circles
D:3:      layout_basic, fountainhead
D:4:      layout_basic, lemuel_coloured_pillars_altar, dancing_weapons_uskayaw,
          serial_forest, infiniplex_forest_end_3,
          infiniplex_forest_clump_double, infiniplex_forest_lined_2,
          infiniplex_forest_lined_3, infiniplex_forest_clump_tiny,
          infiniplex_forest_straight_4, infiniplex_forest_clump_long,
          uniq_natasha, uniq_pikel
D:5:      layout_loops_corners, nicolae_overflow_hidden_temple, uniq_menkaure
D:6:      layout_rooms, kennysheep_slug_shrine,
          nemelex_xobeh_ov_fountains_minmay, minmay_temple_entry_junction,
          uniq_prince_ribbit1
D:7:      layout_basic, general_overflow_altar,
          mainiacjoe_overflow_surrounded_room, nzn_ghost_randoct, uniq_duvessa
D:8:      layout_loops_ring, nicolae_wu_jian_immortal_techniques, hex_tiny,
          uniq_gastronok, uniq_psyche, uniq_maurice
D:9:      minmay_the_grid_net [minmay_the_grid_dragon_b, minmay_the_grid_garden,
          minmay_the_grid_spikes, minmay_the_grid_paths,
          minmay_the_grid_broken_lines, minmay_the_grid_prize_big_room],
          layout_cave_pools, orc_david_3
D:10:     due_chaos_kobolds, layout_rooms, ashenzari_conservatory_becter,
          erik_lair_island, minmay_misc_feat_rugged, minmay_statues_item,
          grunt_decor_one_mirror
D:11:     minmay_roctagon, layout_basic, serial_curves, eino_curves_02,
          eino_curves_03, kennysheep_crisscross, nicolae_stop_n_shop_1
D:12:     minmay_blocky_corners, layout_basic, minmay_guarded_unrand_finisher
D:13:     layout_loops_cross, hangedman_vaults_entry_quadrant_bands,
          hangedman_decor_points
Temple:   chequers_temple_sunken
Lair:1:   layout_big_grid, dreamdust_gnoll_shepherd, grunt_megastairs_4
Lair:2:   layout_gridlike, dummy_snake_entry, serial_bayou_shore_b
Lair:3:   layout_loops_ring, minmay_swamp_entry_wisps, portal_ice_cave_rime
Lair:4:   layout_small_grid, slime_entry_1, minivault_26, beast_lair_carwin_5,
          infiniplex_staircase_pool_2

Skill      XL: |  1  2  3  4  5  6  7  8  9 10 11 12 13 14 |
---------------+-------------------------------------------+-----
Ranged Weapons | 2 3 4 |  4.0
Fighting       | 2 3 5 7 8 10 11 | 11.1
Hexes          | 4 5 |  5.0
Short Blades   | 2 3 4 |  4.8
Stealth        | 1 4 6 7 |  7.0
Long Blades    | 1 6 8 10 11 13 | 13.3
Translocations | 3 |  3.2
Armour         | 3 5 |  5.0
Invocations    | 4 9 |  9.0
Dodging        | 3 5 |  5.0
Evocations     | 5 |  5.0
Spellcasting   | 3 |  3.0
Necromancy     | 6 7 |  7.0
Summonings     | 2 |  2.5

Action                   |  1- 3 |  4- 6 |  7- 9 | 10-12 | 13-15 || total
-------------------------+-------+-------+-------+-------+-------++-------
Melee: Whip              |     4 |       |       |       |       ||     4
       Long sword        |    48 |    52 |       |       |       ||   100
       Dagger            |       |   114 |    98 |     3 |    22 ||   237
       Punch             |       |     1 |     2 |     6 |     1 ||    10
       Touch             |       |       |    42 |    62 |    72 ||   176
       Demon blade       |       |       |    96 |   302 |   316 ||   714
       Glaive            |       |       |     1 |       |       ||     1
 Fire: Sling             |    38 |    62 |    40 |       |       ||   140
       Shortbow          |       |       |       |    10 |       ||    10
Throw: Dart              |       |       |       |    22 |    29 ||    51
       Boomerang         |       |       |       |     2 |       ||     2
 Cast: Slow              |     5 |    28 |    22 |     9 |    24 ||    88
       Necrotise         |       |       |       |       |     4 ||     4
Invok: Ancestor Life: He |       |       |       |     1 |       ||     1
       Ancestor Identity |       |       |       |     1 |       ||     1
       Recall Ancestor   |       |       |       |       |     2 ||     2
       Idealise          |       |       |       |       |     1 ||     1
       Transference      |       |       |       |       |     2 ||     2
Evoke: Wand              |       |       |     4 |    12 |     9 ||    25
       Phantom mirror    |       |       |       |     1 |     1 ||     2
       Condenser vane    |       |       |       |       |     1 ||     1
  Use: Potion            |     2 |     1 |       |     4 |     2 ||     9
       Scroll            |       |     5 |     1 |    17 |     6 ||    29
 Stab: Paralysed         |     6 |    26 |     9 |     2 |    14 ||    57
       Sleeping          |       |     1 |     5 |     3 |     9 ||    18
       Distracted        |       |       |     1 |     9 |     7 ||    17
       Confused          |       |       |       |    14 |     8 ||    22
       Invisible         |       |       |       |       |     4 ||     4
Armor: Ring mail         |    22 |    35 |    52 |    73 |    56 ||   238
       Robe              |     2 |       |       |       |       ||     2
       Skin              |     2 |    16 |       |     9 |       ||    27
       Leather armour    |       |     3 |       |       |       ||     3
Dodge: Dodged            |    39 |    92 |   135 |   229 |   209 ||   704

Table legend: (Time is in decaauts)
 A = Elapsed time spent in this place.
 B = Non-inter-level travel time spent in this place.
 C = Inter-level travel time spent in this place.
 D = Time resting spent in this place.
 E = Time spent auto-exploring this place.
 F = Levels seen in this place.
 G = Mean time per level.
                   A        B        C        D        E       F      G
               +--------+--------+--------+--------+--------+-----+--------+
         Total |  21007 |  20193 |    814 |   6394 |   9671 |  19 | 1105.6 |
       Dungeon |  14315 |  13774 |    541 |   4439 |   6805 |  13 | 1101.2 |
        Temple |    250 |    211 |     39 |      0 |    204 |   1 |  250.0 |
          Lair |   5331 |   5097 |    234 |   1440 |   2661 |   4 | 1332.8 |
      Ice Cave |   1109 |   1109 |      0 |    515 |      0 |   1 | 1109.0 |
               +--------+--------+--------+--------+--------+-----+--------+

Top non-repeatable levels by time:
     D:8: 1635 daAuts
     D:7: 1403 daAuts
     D:9: 1382 daAuts
     D:5: 1377 daAuts
  Lair:3: 1376 daAuts
  Lair:1: 1371 daAuts
    D:11: 1346 daAuts
  Lair:4: 1328 daAuts
     D:4: 1255 daAuts
  Lair:2: 1255 daAuts
    D:12: 1223 daAuts
     D:2: 1112 daAuts
   IceCv: 1109 daAuts
    D:10: 944 daAuts
     D:3: 731 daAuts
